AoeStats
← Kijuan13

Arabian Desert

508705819Analyzed
1v1 RM · 10d ago on Sep 23, 2026· 31m 44s· 2 players
Game mode
Random Map
Map size
Tiny (2 player)
Population
200
Speed
Normal
Resources
Standard
Victory
Conquest
Starting age
Dark Age
Ending age
Imperial Age
RankedLock teamsTeams togetherTeam positionsShared explorationLock speedFull tech treeHidden civsTurbo modeCheats
Victory
Defeat
🇺🇸 Persians · United States
1249
+17
🇧🇷 Saxons · Brazil
1263
-17
Kijuan13
4:27 Loom
9:44 Feudal Age
11:43 Double-Bit Axe
12:35 Forging
16:04 Bloodlines
18:22 Scale Barding Armor
21:59 Castle Age
20:21 Gold Mining
21:25 Horse Collar
23:11 Iron Casting
23:48 Chain Barding Armor
24:28 Heavy Plow
24:42 Bow Saw
27:09 Wheelbarrow
27:48 Scale Mail Armor
28:53 Chain Mail Armor
28:01 Man-at-Arms
28:26 Gambesons
28:42 Squires
28:27 Arson
28:46 Squires
29:10 Long Swordsman
30:32 Heavy Plow
Warthog
2:34 Loom
4:39 Loom
5:52 Loom
9:57 Feudal Age
10:25 Double-Bit Axe
13:24 Town Watch
19:23 Castle Age
17:38 Horse Collar
18:29 Gold Mining
21:37 Squires
22:32 Bow Saw
25:26 Fletching
30:38 Scale Mail Armor
Connection lost

Rejoining the realm…

Still unreachable

The connection could not be restored.

Session expired

The server has moved on; the page needs a fresh start.